 Seeded DCSS version 0.31.0-11-ge490571c62 (webtiles) character file.

Game seed: 5852599659512852149 (custom seed)

70 CInkIbrahim the Slasher (level 4, 0/36 HPs)
             Began as a Draconian Gladiator on Feb 11, 2024.
             Slain by a cerulean imp
             ... wielding a +2 spear
             ... summoned by Natasha
              (2 damage)
             ... on level 2 of the Dungeon.
             The game lasted 00:01:35 (1165 turns).

CInkIbrahim the Slasher (Draconian Gladiator)       Turns: 1165, Time: 00:01:36

Health: 0/36       AC:  6    Str: 16    XL:     4   Next: 3%
Magic:  13/13      EV: 12    Int:  8    God:
Gold:   89         SH:  0    Dex: 15    Spells: 3/3 levels left

rFire   . . .        a - +0 long sword
rCold   . . .        (no shield)
rNeg    . . .        (body armour unavailable)
rPois   .            b - +0 hat
rElec   .            r - +0 cloak
rCorr   .            (no gloves)
SInv    .            (no boots)
Will    .....        (no amulet)
Stlth   +            n - ring of magical power
HPRegen 0.26/turn    (no ring)
MPRegen 0.13/turn

%: no passive effects
@: slowed, very slow
A: AC +5, unfitting armour, cold-blooded
a: no special abilities


You were on level 2 of the Dungeon.
You visited 1 branch of the dungeon, and saw 2 of its levels.

You collected 89 gold pieces.

Inventory:

Hand Weapons
 a - a +0 long sword (weapon)
Missiles
 c - 3 throwing nets (quivered)
 d - a javelin
 h - 4 poisoned darts
Armour
 b - a +0 hat (worn)
 p - a +0 buckler
 r - a +0 cloak (worn)
Jewellery
 n - a ring of magical power (left hand)
Scrolls
 g - 3 scrolls of teleportation
 l - a scroll of immolation {unknown}
 m - a scroll of fear {unknown}
 s - 2 scrolls of identify
Potions
 e - a potion of invisibility
 f - a potion of might
 i - a potion of mutation {unknown}
 j - a potion of attraction
 k - a potion of haste
 o - 2 potions of curing
 q - a potion of degeneration {unknown}


   Skills:
 - Level 2.1 Fighting
 + Level 4.9 Long Blades
 - Level 1.7 Throwing
 - Level 2.6 Dodging


You had 3 spell levels left.
You didn't know any spells.
Your spell library contained the following spells:

 Spells                   Type           Power      Damage    Failure   Level
 Call Imp                 Summ           0%         N/A       54%         2
 Sublimation of Blood     Necr           0%         N/A       54%         2
 Summon Hydra             Summ           0%         N/A       100%        7


Dungeon Overview and Level Annotations

Branches:
Dungeon (2/15)

Altars:

Annotations:
D:2 Natasha


Innate Abilities, Weirdness & Mutations

Your plain brown scales are hard. (AC +5)
You cannot fit into any form of body armour.
You are cold-blooded and may be slowed by cold attacks.


Message History

Natasha stares at you and mumbles some strange words.
You feel yourself slow down.
The cerulean imp hits you but does no damage.
Natasha completely misses you.
You hit Natasha.
Natasha is heavily wounded.
The cerulean imp hits you from afar with a +2 spear.
Natasha claws you.
The cerulean imp hits you from afar with a +2 spear.
You hit Natasha.
Natasha is almost dead.
Natasha claws you.
The cerulean imp hits you but does no damage.
Natasha barely misses you.
The cerulean imp hits you but does no damage.
You closely miss Natasha.
Your tail-slap misses Natasha.
Natasha is almost dead.
Natasha closely misses you.
The cerulean imp hits you but does no damage.
Natasha claws you but does no damage.
You hit Natasha but do no damage.
Natasha is almost dead.
The cerulean imp hits you from afar with a +2 spear.
Natasha claws you.
The cerulean imp hits you from afar with a +2 spear.
Natasha claws you but does no damage.
You closely miss Natasha.
Your tail-slap misses Natasha.
Natasha is almost dead.
The cerulean imp hits you from afar with a +2 spear.
* * * LOW HITPOINT WARNING * * *
Natasha claws you.
* * * LOW HITPOINT WARNING * * *
The cerulean imp hits you from afar with a +2 spear.
* * * LOW HITPOINT WARNING * * *
You barely miss Natasha.
Natasha is almost dead.
Natasha claws you.
* * * LOW HITPOINT WARNING * * *
The cerulean imp hits you from afar with a +2 spear.
You die...

...........# ...
.#####.#..#####....(.
..................!.
.#####......#......# #.# .#
#.............# #.# .#
#.............# #.# .#
#.............# #.# .#
##.......5h...###.#######
.######.........@............#
.............................#
#####......########..........#
#.####..# #.##.####### #.#
##.# #####.##.# #.#
#.##......##)# #.#####.#..#
#####.# ..#.......## #.#
.#.........#######.##


You could see Natasha and a cerulean imp (summoned).

Vanquished Creatures
  Natasha (D:2)
  An adder (D:2)
  A dart slug (D:1)
  3 bats
  2 endoplasms
  A giant cockroach (D:1)
  5 goblins
  6 hobgoblins
  5 kobolds
  A quokka (D:1)
  2 ball pythons (D:1)
  4 frilled lizards
  2 rats (D:2)
34 creatures vanquished.

Notes
Turn   | Place    | Note
-------+----------+-------------------------------------------
     0 | D:1      | CInkIbrahim the Draconian Gladiator began the quest for the
                  | Orb.
     0 | D:1      | Reached XP level 1. HP: 17/17 MP: 1/1
   127 | D:1      | Reached XP level 2. HP: 18/24 MP: 2/2
   289 | D:1      | Reached skill level 4 in Long Blades
   805 | D:2      | Reached XP level 3. HP: 29/29 MP: 3/3
  1077 | D:2      | Noticed Natasha
  1087 | D:2      | Killed Natasha
  1088 | D:2      | Reached XP level 4. HP: 28/36 MP: 4/4
  1152 | D:2      | Noticed Natasha
  1165 | D:2      | Slain by a cerulean imp

Illustrated notes

Levels and vault maps discovered:
D:1:      wander_arrival_estate, layout_basic, minmay_pentomino_u4
D:2:      layout_rooms, serial_bayou_pond_b, uniq_natasha

Skill      XL: |  1  2 |
---------------+-------+-----
Long Blades    | 4 |  4.9
Fighting       | |  2.1
Throwing       | |  1.7
Dodging        | |  2.6

Action                     |  1- 3 |  4- 6 || total
---------------------------+-------+-------++-------
  Melee: Long sword        |    77 |     9 ||    86
         Tailslap          |    10 |     2 ||    12
         Punch             |     1 |       ||     1
    Use: Scroll            |     6 |       ||     6
   Stab: Sleeping          |     1 |       ||     1
 Armour: Skin              |    42 |    20 ||    62
  Dodge: Dodged            |    51 |     4 ||    55
